 Dungeon Crawl Stone Soup version 0.28-a0-1206-g193881aaa2 (webtiles) character file.

Game seed: 14898139757357654206

1077 oldriver the Cleaver (level 8, -2/59 (71) HPs)
             Began as a Minotaur Berserker on Dec 21, 2021.
             Was a Priest of Trog.
             Killed from afar by a white imp (7 damage)
             ... with a puff of frost
             ... on level 6 of the Dungeon.
             The game lasted 00:04:27 (4971 turns).

oldriver the Cleaver (Minotaur Berserker)           Turns: 4971, Time: 00:04:27

HP:   -2/59 (71)    AC:  6    Str: 23    XL:     8   Next: 8%
MP:   7/7           EV: 13    Int:  7    God:    Trog [***...]
Gold: 98            SH:  0    Dex: 11    Spells: 7/7 levels left

rFire   + . .      SeeInvis .   r - +9 whip of Springtime {flame, Int+3}
rCold   . . .      Faith    .   (no shield)
rNeg    . . .      Spirit   .   t - +1 robe {Will+}
rPois   .          Reflect  .   (helmet restricted)
rElec   .          Harm     .   l - +0 cloak
rCorr   .          Rampage  .   j - +0 pair of gloves
Will    ++...                   m - +0 pair of boots
Stlth   +.........              (no amulet)
HPRegen 0.19/turn               p - ring of willpower
MPRegen 0.10/turn               q - ring of protection from fire

@: heavily drained
A: horns 2, retaliatory headbutt
a: Renounce Religion, Berserk, Trog's Hand


You were on level 6 of the Dungeon.
You worshipped Trog.
Trog was most pleased with you.
You visited 1 branch of the dungeon, and saw 6 of its levels.

You collected 240 gold pieces.
You spent 142 gold pieces at shops.

Inventory:

Hand Weapons
 r - the +9 whip of Springtime (weapon) {flame, Int+3}
   (You bought it in a shop on level 3 of the Dungeon)

   It burns those it strikes, dealing additional fire damage.
   Int:       It affects your intelligence (+3).
Armour
 j - a +0 pair of gloves (worn)
 l - a +0 cloak (worn)
 m - a +0 pair of boots (worn)
 t - a +1 robe of willpower (worn)
Jewellery
 a - a ring of protection from fire
 p - a ring of willpower (left hand)
 q - a ring of protection from fire (right hand)
Scrolls
 b - a scroll of teleportation {unknown}
 d - a scroll of noise {unknown}
 e - 7 scrolls of identify {unknown}
 f - a scroll of brand weapon {unknown}
 h - a scroll of fear {unknown}
 o - a scroll of immolation {unknown}
 u - 2 scrolls of fog {unknown}
Potions
 c - a potion of mutation {unknown}
 g - a potion of brilliance {unknown}
 i - 2 potions of might {unknown}
 k - a potion of heal wounds {unknown}
 n - a potion of lignification {unknown}
 s - 2 potions of flight {unknown}


   Skills:
 * Level 6.7 Fighting
 * Level 9.6 Axes
 + Level 2.6 Armour
 + Level 4.2 Dodging


You had 7 spell levels left.
You didn't know any spells.
Your spell library was empty.

Dungeon Overview and Level Annotations

Branches:
Dungeon (6/15)             Temple (0/1) D:5

Altars:
Elyvilon
Okawaru
Sif Muna

Shops:
D:3 (


Innate Abilities, Weirdness & Mutations

You have a pair of horns on your head.
You reflexively headbutt those who attack you in melee.


Message History

A wight comes into view. It is wielding a +2 battleaxe.
A white imp and 2 wights come into view.
The white imp shouts!
The ufetubus barely misses you. The ufetubus closely misses you.
You closely miss the ufetubus. Your headbutt misses the ufetubus.
The ufetubus closely misses you. You furiously retaliate!
You headbutt the ufetubus. The ufetubus misses you.
You whack the ufetubus! You burn the ufetubus.
You kill the ufetubus!
Trog accepts your kill. The wight hits you with a +2 battleaxe!
You feel drained.
You hit the wight. You burn the wight. You headbutt the wight.
The wight is moderately damaged.
The wight closely misses you.
A white imp comes into view.
The white imp shouts, "Back with thee, thou jarring dizzy-eyed wastrel!"
You hit the wight. You burn the wight. Your headbutt misses the wight.
The wight is severely damaged.
The wight hits you but does no damage. The white imp barely misses you.
You closely miss the wight.
The wight is severely damaged.
The wight barely misses you.
The wight hits you with a +0 long sword.
You feel drained.
You hit the wight but do no damage.
The wight is severely damaged.
The wight barely misses you. You furiously retaliate!
You headbutt the wight.
The white imp hits you but does no damage.
The wight hits you with a +2 battleaxe!
You feel drained.
You hit the wight. You burn the wight.
You destroy the wight!
Trog accepts your kill.
The wight hits you with a +0 long sword!
You feel drained. The wight hits you with a +4 flail!
* * * LOW HITPOINT WARNING * * *
You feel drained.
* * * LOW HITPOINT WARNING * * *
The white imp gestures at you. The puff of frost hits you!
You die...

##############.##.
..................#
...............##.#
.......).......#..#
..................# #
...................#.#..
....................5..
.................5.#.#
.#..........#...@)...#
............#...zz...#
............###+##......
............+ ##....
............### ...
..#.#..........# ..
....#.####.....# .
...............+
...............#


You could see 2 wights and 2 white imps.

Vanquished Creatures
  A sky beast (D:5)
  A black bear (D:6)
  2 ogres (D:5)
  A centaur (D:6)
  A phantom (D:4)
  A water moccasin zombie (D:5)
  A scorpion (D:5)
  A wight (D:6)
  A centaur zombie (D:5)
  Crazy Yiuf (D:3)
  2 hounds
  An orc priest (D:5)
  2 jellies (D:6)
  An iguana (D:5)
  An orc wizard (D:5)
  3 hound skeletons (D:4)
  4 adders
  A shadow imp (D:6)
  A white imp (D:4)
  3 ufetubi
  A worm (D:3)
  4 dart slugs
  7 orcs
  6 endoplasms
  5 giant cockroaches
  3 goblins
  5 hobgoblins
  4 jackals (D:1)
  4 quokkas
  7 ball pythons
  4 bats
  A frilled lizard (D:1)
  7 kobolds
  7 rats
95 creatures vanquished.

Notes
Turn   | Place    | Note
-------+----------+-------------------------------------------
     0 | D:1      | oldriver the Minotaur Berserker began the quest for the
                  | Orb.
     0 | D:1      | Reached XP level 1. HP: 19/19 MP: 0/0
   128 | D:1      | Reached skill level 4 in Axes
   129 | D:1      | Reached XP level 2. HP: 27/27 MP: 1/1
   821 | D:2      | Reached ** piety under Trog
   826 | D:1      | Reached XP level 3. HP: 33/33 MP: 2/2
  1159 | D:2      | Reached skill level 5 in Axes
  1701 | D:3      | Found a runed translucent door.
  1702 | D:3      | Noticed Crazy Yiuf
  1787 | D:3      | Found Waaliu's Antique Weapon Shop.
  1790 | D:3      | Reached XP level 4. HP: 33/40 MP: 3/3
  1908 | D:3      | Found an iron altar of Okawaru.
  2379 | D:3      | Killed Crazy Yiuf
  2503 | D:4      | Noticed a phantom
  2507 | D:4      | Killed a phantom
  2508 | D:4      | Reached skill level 6 in Axes
  2508 | D:4      | Reached XP level 5. HP: 47/47 MP: 4/4
  3111 | D:3      | Found a white marble altar of Elyvilon.
  3222 | D:3      | Bought an iridescent whip for 142 gold pieces
  3222 | D:3      | Identified the +9 whip of Springtime {flame, Int+3} (You
                  | bought it in a shop on level 3 of the Dungeon)
  3457 | D:4      | Reached skill level 5 in Fighting
  3525 | D:4      | Found a shimmering blue altar of Sif Muna.
  3886 | D:5      | Entered Level 5 of the Dungeon
  3886 | D:5      | Noticed an ogre
  3888 | D:5      | Noticed a sky beast
  3889 | D:5      | Killed an ogre
  3890 | D:5      | Reached skill level 7 in Axes
  3890 | D:5      | Reached XP level 6. HP: 56/56 MP: 5/5
  3898 | D:5      | Killed a sky beast
  3902 | D:5      | Reached skill level 8 in Axes
  3902 | D:5      | Reached XP level 7. HP: 53/62 MP: 6/6
  4095 | D:5      | Reached *** piety under Trog
  4229 | D:5      | Found a staircase to the Ecumenical Temple.
  4645 | D:6      | Reached skill level 9 in Axes
  4800 | D:6      | Reached XP level 8. HP: 38/71 MP: 7/7
  4971 | D:6      | Killed from afar by a white imp

Illustrated notes

Levels and vault maps discovered:
D:1:      shiori_shiawase, layout_loops_ring
D:2:      layout_loops_cross, minmay_misc_feat_columns
D:3:      layout_basic, nicolae_overflow_hidden_temple, serial_shops,
          nicolae_shop_crystal, uniq_crazy_yiuf_cottage
D:4:      layout_loops_ring, kennysheep_mini
D:5:      layout_rooms, minmay_temple_entry_arrows
D:6:      layout_basic, mainiacjoe_overflow_six_doors_small

Skill      XL: |  1  2  3  4  5  6  7 |
---------------+----------------------+-----
Axes           | 4 5 6 7 8 9 |  9.6
Fighting       | 4 5 6 |  6.7
Dodging        | 3 4 |  4.2
Armour         | |  2.6

Action                   |  1- 3 |  4- 6 |  7- 9 || total
-------------------------+-------+-------+-------++-------
Melee: Hand axe          |    79 |    60 |       ||   139
       Headbutt          |    12 |    16 |     9 ||    37
       Whip              |       |    23 |    48 ||    71
Invok: Berserk           |       |     1 |       ||     1
 Stab: Sleeping          |     1 |     1 |       ||     2
Armor: Animal skin       |    19 |    18 |       ||    37
       Robe              |       |     5 |    18 ||    23
Dodge: Dodged            |    58 |    50 |    40 ||   148

Table legend: (Time is in decaauts)
 A = Elapsed time spent in this place.
 B = Non-inter-level travel time spent in this place.
 C = Inter-level travel time spent in this place.
 D = Time resting spent in this place.
 E = Time spent auto-exploring this place.
 F = Levels seen in this place.
 G = Mean time per level.
                   A        B        C        D        E       F      G
               +--------+--------+--------+--------+--------+-----+--------+
         Total |   4980 |   4616 |    364 |    937 |   3055 |   6 |  830.0 |
       Dungeon |   4980 |   4616 |    364 |    937 |   3055 |   6 |  830.0 |
               +--------+--------+--------+--------+--------+-----+--------+

Top non-repeatable levels by time:
     D:4: 1353 daAuts
     D:3: 956 daAuts
     D:1: 823 daAuts
     D:2: 771 daAuts
     D:5: 738 daAuts
     D:6: 337 daAuts
